 Dungeon Crawl Stone Soup version bcrawl-1.17.1 (webtiles) character file.

Game seed: 8189937929210531666

107 Gottschkopf the Ruffian (level 4, -1/35 HPs)
             Began as a Draconian Transmuter on Oct 18, 2019.
             Slain by an orc
             ... wielding a +0 short sword
              (2 damage)
             ... on level 3 of the Dungeon.
             The game lasted 00:08:01 (2198 turns).

Gottschkopf the Ruffian (Draconian Transmuter)      Turns: 2198, Time: 00:08:02

Health: -1/35      AC:  6    Str: 18    XL:     4   Next: 57%
Magic:  0/7        EV: 12    Int: 14    God:
Gold:   146        SH:  0    Dex: 11    Spells: 3/7 levels left

rFire    . . .     SeeInvis +     - Unarmed
rCold    . . .     Gourm    .   (no shield)
rNeg     . . .     Faith    .   (armour unavailable)
rPois    .         Spirit   +   (helmet restricted)
rElec    .         Reflect  .   w - scarf {Spirit}
rCorr    .         Harm     .   g - +0 pair of gloves
MR       .....                  (no boots)
Stlth    +.........             (no amulet)
HPRegen  0.11/turn              e - ring of wizardry
MPRegen  0.10/turn              q - ring of see invisible

@: mighty
A: unfitting armour, cold-blooded, AC +5
a: no special abilities


You were on level 3 of the Dungeon.
You were hungry.

You visited 1 branch of the dungeon, and saw 3 of its levels.

You collected 146 gold pieces.

Inventory:

Hand Weapons
 r - a +1 halberd of protection
Missiles
 a - 120 arrows
Armour
 g - a +0 pair of gloves (worn)
 w - a scarf of spirit shield (worn)
Jewellery
 e - a ring of wizardry (left hand)
 q - a ring of see invisible (right hand)
Scrolls
 b - a scroll of remove curse {unknown}
 f - 4 scrolls of identify {unknown}
 i - a scroll of noise {unknown}
 j - a scroll of magic mapping {unknown}
 m - 2 scrolls of enchant weapon {unknown}
 n - 2 scrolls of amnesia {unknown}
 p - 2 scrolls of teleportation {unknown}
 t - a scroll of fear {unknown}
 v - a scroll of fog {unknown}
Potions
 c - a potion of lignification
 o - a potion of degeneration {unknown}
 s - a potion of brilliance {unknown}
 u - a potion of heal wounds {unknown}
Comestibles
 d - 8 rations {!d}


   Skills:
 - Level 1.1 Fighting
 - Level 1.7 Dodging
 + Level 5.4 Unarmed Combat
 - Level 2.0 Spellcasting
 - Level 2.0 Transmutations


You had 3 spell levels left.
You knew the following spells:

 Your Spells              Type           Power        Failure   Level  Hunger
a - Beastly Appendage     Tmut           #.....       4%          1    ##.....
b - Spider Form           Tmut/Pois      #..          19%         3    ####...

Your spell library contained the following spells:

 Spells                   Type           Power        Failure   Level  Hunger
 Sticks to Snakes         Tmut           #.......     6%          2    ###....
 Ice Form                 Ice/Tmut       #.......     50%         4    #####..
 Blade Hands              Tmut           #.........   71%         5    ######.


Dungeon Overview and Level Annotations

Branches:
Dungeon (3/12)

Altars:


Innate Abilities, Weirdness & Mutations

Your plain brown scales are hard. (AC +5)
You cannot fit into any form of body armour.
You are cold-blooded and may be slowed by cold attacks.


Message History

The orc priest is moderately wounded.
Your transformation has ended.
Your scarf of spirit shield unmelds from your body.
Your +0 pair of gloves unmelds from your body.
You feel spirits watching over you. The goblin hits you but does no damage.
The orc closely misses you. The orc barely misses you.
It was a potion of cancellation.
You feel magically purged.
The orc priest invokes the aid of Beogh against you.
Pain shoots through your body!
* * * LOW HITPOINT WARNING * * *
The goblin barely misses you. The orc hits you but does no damage.
The orc closely misses you.
It was a potion of magic.
Magic courses through your body. The goblin misses you.
The orc barely misses you. The orc closely misses you.
The orc priest hits you with a +0 flail.
It was a potion of might.
You feel very mighty all of a sudden.
You kill the orc priest!
The goblin barely misses you. The orc hits you with a +0 short sword!
You die...

....###.. ...## ......
#..#### . ......
##....#....#######......
...........#..!.......
..#.#..............o.
...................#
..#.#...#.#.#...)g.#
................@or#
........#.#.#....o.#
...................#
........#.#.#..!...# #
..................##..#
.###.......#..........#
.##..#.##.###....####.#
....##................#
...###.#...#.#.#.#.#...


You could see 3 orcs, a quokka and a goblin.

Vanquished Creatures
  An orc priest (D:3)
  A worm (D:2)
  5 dart slugs
  A leopard gecko (D:1)
  An orc (D:3)
  6 giant cockroaches
  3 goblins
  6 hobgoblins
  7 jackals
  A ball python (D:1)
  5 bats
  7 frilled lizards
  7 kobolds
  8 rats
59 creatures vanquished.

Vanquished Creatures (others)
  4 toadstools (D:1)
4 creatures vanquished.

Grand Total: 63 creatures vanquished

Notes
Turn   | Place    | Note
-------+----------+-------------------------------------------
     0 | D:1      | Gottschkopf the Draconian Transmuter began the quest for
                  | the Orb.
     0 | D:1      | Reached XP level 1. HP: 16/16 MP: 3/3
   228 | D:1      | Reached XP level 2. HP: 23/23 MP: 3/5
   386 | D:1      | Reached skill level 4 in Unarmed Combat
   654 | D:1      | Reached XP level 3. HP: 28/28 MP: 4/6
   833 | D:1      | Learned a level 3 spell: Spider Form
  1551 | D:3      | Noticed an ice beast
  1570 | D:3      | HP: 1/28 [ice beast (14)]
  1657 | D:3      | Reached XP level 4. HP: 10/35 MP: 5/7
  2027 | D:3      | Reached skill level 5 in Unarmed Combat
  2196 | D:3      | HP: 1/35 [orc priest/nerve-wracking pain (4)]
  2198 | D:3      | Slain by an orc

Skill      XL: |  1  2  3  4 |
---------------+-------------+-----
Unarmed Combat | 4 5 |  5.4
Fighting       | |  1.1
Dodging        | |  1.7
Spellcasting   | |  2.0
Transmutations | |  2.0

Action                   |  1- 3 |  4- 6 || total
-------------------------+-------+-------++-------
Melee: Unarmed           |   156 |    26 ||   182
       Tailslap          |     8 |     1 ||     9
       Kick              |     3 |       ||     3
       Headbutt          |     5 |     1 ||     6
       Punch             |     2 |       ||     2
 Cast: Beastly Appendage |     9 |       ||     9
       Spider Form       |     2 |     1 ||     3
  Use: Potion            |       |     3 ||     3
 Stab: Sleeping          |     3 |       ||     3
  Eat: Chunk             |     3 |     1 ||     4
Armor: Skin              |    38 |    10 ||    48
Dodge: Dodged            |    89 |    39 ||   128
